 Dungeon Crawl Stone Soup version 0.19.4-9-g45fd643 (webtiles) character file.

127 protoss039 the Conjurer (level 4, -4/33 HPs)
             Began as a Draconian Conjurer on Feb 17, 2017.
             Killed by divine providence
             ... invoked by an orc priest
              (16 damage)
             ... on level 3 of the Dungeon.
             The game lasted 00:10:21 (2560 turns).

protoss039 the Conjurer (Draconian Conjurer)        Turns: 2560, Time: 00:10:22

Health: -4/33      AC:  5    Str:  8 (10) XL:     4   Next: 85%
Magic:  2/7        EV: 12    Int: 14 (17) God:
Gold:   77         SH:  0    Dex:  9 (11) Spells: 2 memorised, 4 levels left

rFire  . . .     SeeInvis .     l - +1 hand axe (chop)
rCold  . . .     Gourm    .     (armour unavailable)
rNeg   . . .     Faith    .     (no shield)
rPois  .         Spirit   .     (helmet restricted)
rElec  .         Reflect  .     (no cloak)
rCorr  .         Harm     .     (no gloves)
MR     .....                    (no boots)
Stlth  ++........               (no amulet)
                                (no ring)
                                (no ring)

@: no status effects
A: unfitting armour, cold-blooded, AC +5
a: no special abilities


You were on level 3 of the Dungeon.
You were not hungry.

You visited 1 branch of the dungeon, and saw 3 of its levels.

You collected 77 gold pieces.

Inventory:

Hand Weapons
 j - a +0 short sword
 l - a +1 hand axe of chopping (weapon)
Armour
 m - a +0 shield
Jewellery
 c - an uncursed ring of resist corrosion {unknown}
 r - an uncursed ring of stealth {unknown}
 v - a cursed ring of ice {unknown}
Scrolls
 f - a scroll of enchant armour {unknown}
 g - a scroll of magic mapping {unknown}
 h - a scroll of blinking {unknown}
 k - a scroll of amnesia {unknown}
 q - 3 scrolls of teleportation {unknown}
 s - 2 scrolls of identify {unknown}
 t - 2 scrolls of enchant weapon {unknown}
 y - a scroll of recharging {unknown}
 B - a scroll of fear {unknown}
Potions
 d - a potion of beneficial mutation {unknown}
 e - a potion of resistance {unknown}
 o - 2 potions of haste
 p - a potion of mutation {unknown}
 u - a potion of agility {unknown}
 w - a potion of heal wounds {unknown}
 x - a potion of curing {unknown}
 z - a potion of degeneration
 A - a potion of invisibility {unknown}
Books
 a - a book of Conjurations

   Spells                             Type                      Level
   a - Magic Dart                     Conjuration                  1
   b - Searing Ray                    Conjuration                  2
   c - Dazzling Spray                 Conjuration/Hexes            3
   d - Fulminant Prism                Conjuration/Hexes            4
   e - Iskenderun's Mystic Blast      Conjuration                  4
   f - Iskenderun's Battlesphere      Conjuration/Charms           5
Comestibles
 b - 2 bread rations
 i - 2 chunks of flesh
 n - 2 meat rations


   Skills:
 - Level 1.7 Dodging
 - Level 1.7 Stealth
 - Level 2.0 Spellcasting
 + Level 6.2 Conjurations


You had 4 spell levels left.
You knew the following spells:

 Your Spells              Type           Power        Failure   Level  Hunger
a - Magic Dart            Conj           ###.         1%          1    ##.....
b - Searing Ray           Conj           ###...       2%          2    ###....


Dungeon Overview and Level Annotations

Branches:
Dungeon (3/15)

Altars:
Dithmenos


Innate Abilities, Weirdness & Mutations

Your plain brown scales are hard. (AC +5)
You cannot fit into any form of body armour.
You are cold-blooded and may be slowed by cold attacks.


Message History

The orc priest barely misses you.
You barely miss the orc priest.
The orc priest is lightly wounded.
The orc priest barely misses you.
You barely miss the orc priest.
The orc priest is lightly wounded.
The orc priest calls down the wrath of Beogh upon you.
Pain shoots through your body! The orc priest hits you with a dagger.
You closely miss the orc priest.
The orc priest is lightly wounded.
The orc priest hits you but does no damage.
You closely miss the orc priest.
The orc priest is lightly wounded.
The orc priest hits you but does no damage.
You hit the orc priest but do no damage.
Your tail-slap misses the orc priest.
The orc priest is lightly wounded.
The orc priest mumbles some strange prayers to Beogh against you.
Beogh smites you!
You die...

##############
#(....))o....o
#.############ #
#.#
###############o###
#..............[@.#
..#############.#.#
##### #.#.# ....#
#.#.# ###.# #...# #
#.#
#########.########
###.#
#................#
.##.#
#.#######.....##.#
....# #.#
#.###)##.##


You could see an orc priest.

Vanquished Creatures
  2 adders (D:3)
  A shadow imp (D:3)
  An ooze (D:3)
  3 worms (D:2)
  3 dart slugs
  5 leopard geckos
  7 orcs (D:3)
  4 giant cockroaches
  9 goblins
  5 hobgoblins
  6 kobolds
  3 quokkas (D:2)
  8 bats
  3 frilled lizards
  10 rats
70 creatures vanquished.

Notes
Turn   | Place    | Note
-------+----------+-------------------------------------------
     0 | D:1      | protoss039 the Draconian Conjurer began the quest for the Orb.
     0 | D:1      | Reached XP level 1. HP: 14/14 MP: 3/3
   199 | D:1      | Reached XP level 2. HP: 20/20 MP: 0/5
   790 | D:2      | Reached XP level 3. HP: 26/26 MP: 1/6
   812 | D:2      | Reached skill level 5 in Conjurations
   832 | D:2      | Learned a level 2 spell: Searing Ray
  1309 | D:2      | Found a shadowy altar of Dithmenos.
  1799 | D:3      | Reached XP level 4. HP: 33/33 MP: 2/7
  2100 | D:3      | Reached skill level 6 in Conjurations
  2560 | D:3      | Killed from afar by an orc priest

Skill      XL: |  1  2  3  4 |
---------------+-------------+-----
Conjurations   | 5 6 |  6.2
Dodging        | |  1.7
Stealth        | |  1.7
Spellcasting   | |  2.0

Action                   |  1- 3 |  4- 6 || total
-------------------------+-------+-------++-------
Melee: Unarmed           |     3 |       ||     3
       Short sword       |     6 |       ||     6
       Hand axe          |    23 |    21 ||    44
       Tailslap          |     1 |       ||     1
 Cast: Magic Dart        |    71 |    37 ||   108
       Searing Ray       |     3 |     1 ||     4
  Use: Potion            |       |     2 ||     2
  Eat: Chunk             |     4 |     4 ||     8
Armor: Skin              |    10 |     7 ||    17
Dodge: Dodged            |    31 |    22 ||    53
